AoeStats
← FrankstonSamurai

Black Forest

507250932Analyzed
2v2 RM · 16d ago on Sep 17, 2026· 85m 9s· 4 players
Game mode
Random Map
Map size
Medium (4 player)
Population
200
Speed
Normal
Resources
Standard
Victory
Conquest
Starting age
Dark Age
Ending age
Imperial Age
RankedLock teamsTeams togetherTeam positionsShared explorationLock speedFull tech treeHidden civsTurbo modeCheats
Victory
Defeat
🇹🇷 Khmer · Türkiye
642
+12
🇬🇧 Tatars · United Kingdom
515
+17
🇦🇺 Vietnamese · Australia
589
-16
🇦🇺 Teutons · Australia
507
-13
Bong_serpant
1:00 Loom
11:07 Feudal Age
13:19 Horse Collar
13:29 Double-Bit Axe
17:40 Fletching
18:03 Padded Archer Armor
23:42 Castle Age
25:16 Squires
24:38 Pikeman
25:04 Arson
27:10 Wheelbarrow
26:21 Town Watch
27:05 Heavy Plow
28:38 Thumb Ring
30:20 Bow Saw
29:58 Elite Skirmisher
31:40 Bodkin Arrow
36:01 Imperial Age
33:42 Crossbowman
34:48 Hand Cart
35:39 Leather Archer Armor
35:59 Gold Mining
37:13 Town Patrol
38:27 Two-Man Saw
37:31 Bracer
37:54 Ballistics
37:16 Treadmill Crane
37:39 Murder Holes
39:39 Arbalester
41:27 Chemistry
40:41 Fortified Wall
40:38 Siege Engineers
41:59 Paper Money
42:19 Hoardings
41:16 Sappers
41:30 Imperial Skirmisher
41:40 Halberdier
42:27 Scale Mail Armor
42:38 Forging
43:01 Coinage
42:32 Caravan
45:07 Iron Casting
44:48 Chain Mail Armor
45:04 Ring Archer Armor
45:30 Banking
45:11 Guilds
46:17 Heavy Cavalry Archer
53:22 Plate Mail Armor
55:34 Onager
58:22 Elite Fire Lancer
FrankstonSamurai
14:25 Feudal Age
14:59 Loom
15:43 Horse Collar
17:20 Double-Bit Axe
24:36 Castle Age
24:15 Man-at-Arms
25:58 Heavy Plow
26:14 Bow Saw
26:55 Squires
29:37 Gambesons
30:05 Forging
29:56 Scale Mail Armor
33:25 Wheelbarrow
32:37 Town Watch
39:46 Ironclad
41:19 Ballistics
41:13 Masonry
41:16 Fortified Wall
48:05 Imperial Age
45:28 Pikeman
49:04 Halberdier
53:38 Conscription
52:58 Capped Ram
57:22 Iron Casting
57:02 Chain Mail Armor
57:09 Elite Teutonic Knight
60:32 Blast Furnace
60:05 Plate Mail Armor
g_c_matthews_2000
0:46 Loom
11:58 Feudal Age
14:19 Wheelbarrow
13:46 Double-Bit Axe
14:22 Horse Collar
20:34 Castle Age
20:24 Stone Mining
20:27 Gold Mining
23:17 Gold Shaft Mining
22:55 Fletching
23:34 Town Watch
24:07 Heavy Plow
25:23 Bow Saw
28:15 Hand Cart
28:25 Fortified Wall
32:25 Imperial Age
30:47 Murder Holes
31:43 Bodkin Arrow
32:04 Forging
31:58 Squires
31:46 Arson
33:04 Ballistics
32:59 Masonry
34:01 Conscription
34:59 Scale Mail Armor
35:24 Husbandry
35:06 Light Cavalry
36:02 Scale Barding Armor
36:44 Padded Archer Armor
37:20 Bloodlines
39:17 Iron Casting
39:26 Timurid Siegecraft
40:16 Ballistics
39:39 Treadmill Crane
40:58 Cavalier
44:56 Bracer
47:30 Heavy Cavalry Archer
49:35 Town Patrol
50:54 Leather Archer Armor
50:54 Man-at-Arms
50:55 Pikeman
52:31 Chain Barding Armor
53:15 Blast Furnace
53:46 Ring Archer Armor
53:30 Silk Armor
54:36 Crop Rotation
55:36 Caravan
55:50 Siege Engineers
57:21 Capped Ram
65:30 Herbal Medicine
66:25 Elite Keshik
69:40 Siege Ram
Kostuklu/E/
0:27 Loom
9:36 Feudal Age
10:03 Double-Bit Axe
12:10 Wheelbarrow
14:57 Gold Mining
14:57 Stone Mining
14:58 Horse Collar
22:49 Castle Age
27:07 Bow Saw
27:38 Heavy Plow
34:13 Fortified Wall
33:54 Heated Shot
34:14 Masonry
34:25 Ballistics
37:09 Imperial Age
34:27 Town Watch
34:58 Hand Cart
35:30 Gold Shaft Mining
35:30 Stone Shaft Mining
35:12 Murder Holes
37:29 Scale Barding Armor
37:24 Scale Mail Armor
37:38 Caravan
39:31 Crop Rotation
39:25 Chain Barding Armor
39:16 Forging
38:56 Fletching
39:06 Padded Archer Armor
39:22 Chain Mail Armor
39:41 Architecture
40:12 Chemistry
39:48 Siege Engineers
39:09 Elite Ballista Elephant
40:16 Conscription
40:23 Double Crossbow
39:54 Sappers
40:29 Tusk Swords
41:07 Hoardings
41:55 Plate Barding Armor
41:35 Leather Archer Armor
41:15 Bodkin Arrow
41:56 Iron Casting
42:02 Husbandry
42:13 Bloodlines
42:24 Bracer
43:46 Blast Furnace
44:14 Onager
45:53 Ring Archer Armor
45:49 Elite Battle Elephant
67:12 Capped Ram
Connection lost

Rejoining the realm…

Still unreachable

The connection could not be restored.

Session expired

The server has moved on; the page needs a fresh start.